 Dungeon Crawl Stone Soup version 0.32-a0-675-gdc239d62e1 (webtiles) character file.

Game seed: 8467107042321919508

56 javelincjr the Grasshopper (level 3, -1/28 HPs)
             Began as a Demonspawn Warper on Mar 11, 2024.
             Was an Initiate of Makhleb.
             Slain by Terence
             ... wielding a +1 short sword of venom
              (5 damage)
             ... on level 3 of the Dungeon.
             The game lasted 00:07:03 (2336 turns).

javelincjr the Grasshopper (Demonspawn Warper)      Turns: 2336, Time: 00:07:03

Health: -1/28      AC:  3    Str: 13    XL:     3   Next: 69%
Magic:  6/6        EV: 12    Int: 13    God:    Makhleb [......]
Gold:   147        SH:  0    Dex: 14    Spells: 6/6 levels left

rFire   . . .        a - +0 spear
rCold   . . .        (no shield)
rNeg    . . .        b - +0 leather armour
rPois   .            (no helmet)
rElec   .            (no cloak)
rCorr   .            (no gloves)
SInv    .            (no boots)
Will    .....        (no amulet)
Stlth   ++           (no ring)
HPRegen 0.24/turn    (no ring)
MPRegen 0.10/turn

%: no passive effects
@: lethally poisoned (-1 -> -4)
A: thin skeletal structure 1, weakness stinger 1
a: Renounce Religion


You were on level 3 of the Dungeon.
You worshipped Makhleb.
Makhleb was noncommittal.
You visited 1 branch of the dungeon, and saw 3 of its levels.

You collected 147 gold pieces.

Inventory:

Hand Weapons
 a - a +0 spear (weapon)
Missiles
 d - 3 darts of dispersal (quivered)
 j - 5 poisoned darts
 l - 2 boomerangs
Armour
 b - a +0 leather armour (worn)
Scrolls
 c - a scroll of blinking
 e - 2 scrolls of enchant armour {unknown}
 f - a scroll of fog {unknown}
 k - a scroll of vulnerability {unknown}
 m - 3 scrolls of identify {unknown}
 p - a scroll of poison {unknown}
 r - a scroll of acquirement {unknown}
Potions
 g - a potion of enlightenment
 h - a potion of brilliance {unknown}
 i - 2 potions of curing
 n - a potion of degeneration {unknown}
 o - a potion of invisibility {unknown}
 s - a potion of haste {unknown}


   Skills:
 * Level 2.7 Fighting
 + Level 2.2 Polearms
 - Level 0.8 Throwing
 + Level 1.3 Armour
 + Level 2.0 Dodging
 + Level 2.3 Spellcasting
 + Level 3.0 Translocations


You had 6 spell levels left.
You didn't know any spells.
Your spell library contained the following spells:

 Spells                   Type           Power      Damage    Failure   Level
 Blink                    Tloc           18%        N/A       14%         2
 Lesser Beckoning         Tloc           18%        N/A       14%         2
 Teleport Other           Tloc           9%         N/A       28%         3
 Shock                    Conj/Air       4%         1d3       32%         1
 Frozen Ramparts          Ice            2%         1d1       67%         3
 Swiftness                Air            1%         N/A       67%         3
 Manifold Assault         Tloc           9%         N/A       67%         4
 Vhi's Electric Charge    Tloc/Air       10%        N/A       86%         4
 Airstrike                Air            0%         2d(1-17)  97%         4
 Leda's Liquefaction      Alch/Erth      0%         N/A       97%         4
 Petrify                  Alch/Erth      1%         N/A       97%         4
 Metabolic Englaciation   Hex/Ice        0%         N/A       100%        5


Dungeon Overview and Level Annotations

Branches:
Dungeon (3/15)

Altars:
Cheibriados
Gozag
Makhleb
Qazlal

Annotations:
D:3 Terence


Innate Abilities, Weirdness & Mutations

You have a somewhat thin skeletal structure. (Dex +2, Stealth+)
You have a small tail.


Message History

You closely miss Terence.
Terence is lightly wounded.
Terence barely misses you.
You closely miss Terence.
Terence is lightly wounded.
Terence barely misses you.
You hit Terence.
Your tail-slap misses Terence.
Terence is moderately wounded.
Terence closely misses you.
You hit Terence.
Terence is moderately wounded.
Terence completely misses you.
You hit Terence but do no damage.
Terence is moderately wounded.
Terence hits you with a +1 short sword of venom.
You are poisoned.
You hit Terence.
You tail-slap Terence, but do no damage.
Terence is heavily wounded.
You feel very sick. Terence closely misses you.
You hit Terence but do no damage.
Terence is heavily wounded.
You feel very sick.
Terence hits you with a +1 short sword of venom.
You barely miss Terence.
Terence is heavily wounded.
You feel sick. Terence barely misses you.
You closely miss Terence.
Terence is heavily wounded.
You feel sick.
Terence hits you with a +1 short sword of venom.
* * * LOW HITPOINT WARNING * * *
You hit Terence.
Terence is severely wounded.
* * * LOW HITPOINT WARNING * * *
You feel sick.
Terence hits you with a +1 short sword of venom.
You die...
Terence says, "Time to find some more victims."

.#.# .....
.#.### #..# ##
####...... #...
#.. ....@....
##.#..# #.#
#....# .$.....
#.# #.# .#.....
# #.# #.#
..#.... #.#.#
#@# ...#...
#.#.###@#
Y?.....
#.......#
...#...
#######.######.#
..#..#.
................
.#...#.
#######.########
#.# #<# #.# ###


You could see Terence.

Vanquished Creatures
  3 adders
  A dart slug (D:2)
  An orc (D:3)
  5 ball pythons (D:2)
  An endoplasm (D:2)
  A giant cockroach (D:3)
  3 goblins
  A hobgoblin (D:1)
  A jackal (D:1)
  A quokka (D:2)
  3 bats
  2 frilled lizards (D:2)
  4 rats
27 creatures vanquished.

Notes
Turn   | Place    | Note
-------+----------+-------------------------------------------
     0 | D:1      | javelincjr the Demonspawn Warper began the quest for the
                  | Orb.
     0 | D:1      | Reached XP level 1. HP: 16/16 MP: 3/3
   415 | D:1      | Found a faded altar of an unknown god.
   707 | D:1      | Reached skill level 1 in Armour
   943 | D:2      | Gained mutation: You have a somewhat thin skeletal
                  | structure. (Dex +2, Stealth+) [demonic ancestry]
   943 | D:2      | Reached XP level 2. HP: 22/22 MP: 5/5
  1282 | D:2      | Gained mutation: You have a small tail. [demonic ancestry]
  1282 | D:2      | Reached XP level 3. HP: 9/28 MP: 6/6
  1916 | D:3      | Found a stormy altar of Qazlal.
  1916 | D:3      | Noticed a sky beast
  2029 | D:3      | Reached skill level 3 in Translocations
  2100 | D:3      | Found a snail-covered altar of Cheibriados.
  2100 | D:3      | Found a burning altar of Makhleb.
  2100 | D:3      | Found an opulent altar of Gozag.
  2110 | D:3      | Became a worshipper of Makhleb the Destroyer
  2127 | D:3      | Noticed a kobold brigand
  2321 | D:3      | Noticed Terence
  2336 | D:3      | Slain by Terence

Illustrated notes

Levels and vault maps discovered:
D:1:      shiori_arrival_elements, layout_loops_corners,
          ebering_ecumenical_altar_sacrificial, st_stairs_4
D:2:      layout_loops_ring, nrook_loot_triangle, serial_park_tiny_2,
          chequers_serial_rivers_large_a
D:3:      layout_basic, nicolae_qazlal_beasts_of_the_sky,
          gammafunk_temple_overflow_claw, nicolae_titane, uniq_terence

Skill      XL: |  1  2  3 |
---------------+----------+-----
Armour         | 1 |  1.3
Polearms       | 2 |  2.2
Dodging        | 2 |  2.0
Translocations | 3 |  3.0
Fighting       | |  2.7
Throwing       | |  0.8
Spellcasting   | |  2.3

Action                     || total
---------------------------++-------
  Melee: Spear             ||   124
         Tailslap          ||     3
  Throw: Dart              ||     9
    Use: Potion            ||     3
         Scroll            ||     1
   Stab: Sleeping          ||     4
 Armour: Leather armour    ||    53
  Dodge: Dodged            ||    59

Table legend: (Time is in decaauts)
 A = Elapsed time spent in this place.
 B = Non-inter-level travel time spent in this place.
 C = Inter-level travel time spent in this place.
 D = Time resting spent in this place.
 E = Time spent auto-exploring this place.
 F = Levels seen in this place.
 G = Mean time per level.
                   A        B        C        D        E       F      G
               +--------+--------+--------+--------+--------+-----+--------+
         Total |   2347 |   2196 |    151 |     42 |   1722 |   3 |  782.3 |
       Dungeon |   2347 |   2196 |    151 |     42 |   1722 |   3 |  782.3 |
               +--------+--------+--------+--------+--------+-----+--------+

Top non-repeatable levels by time:
     D:2: 1028 daAuts
     D:1: 934 daAuts
     D:3: 385 daAuts
